 Dungeon Crawl Stone Soup version 0.23.2-1-ga50397a (webtiles) character file.

Game seed: 11723411578613412537

34 funkygono the Conjurer (level 3, -4/24 HPs)
             Began as a Human Conjurer on May 26, 2019.
             Was an Initiate of Vehumet.
             Slain by a worker ant (7 damage)
             ... on level 2 of the Dungeon.
             The game lasted 00:03:45 (1062 turns).

funkygono the Conjurer (Human Conjurer)             Turns: 1062, Time: 00:03:46

Health: -4/24      AC:  3    Str:  8    XL:     3   Next: 50%
Magic:  1/6        EV: 12    Int: 16    God:    Vehumet [......]
Gold:   54         SH:  0    Dex: 13    Spells: 3/6 levels left

rFire    . . .     SeeInvis .   n - +1 club
rCold    . . .     Gourm    .   (no shield)
rNeg     . . .     Faith    .   k - +0 leather armour
rPois    .         Spirit   .   (no helmet)
rElec    .         Reflect  .   (no cloak)
rCorr    .         Harm     .   (no gloves)
MR       .....                  (no boots)
Stlth    ++........             (no amulet)
HPRegen  0.08/turn              (no ring)
MPRegen  0.10/turn              (no ring)

@: no status effects
A: no striking features
a: Renounce Religion


You were on level 2 of the Dungeon.
You worshipped Vehumet.
Vehumet was noncommittal.
You were not hungry.

You visited 1 branch of the dungeon, and saw 2 of its levels.

You collected 54 gold pieces.

Inventory:

Hand Weapons
 n - a +1 club (weapon)
Missiles
 e - 39 stones (quivered)
Armour
 a - a +0 robe
 j - a +0 ring mail
 k - a +0 leather armour (worn)
Jewellery
 d - a +2 amulet of reflection {unknown}
Scrolls
 g - a scroll of teleportation {unknown}
Potions
 b - a potion of curing
 h - a potion of might
Comestibles
 c - 2 rations
 f - a chunk of flesh


   Skills:
 + Level 2.1 Dodging
 + Level 2.1 Stealth
 + Level 2.2 Spellcasting
 + Level 4.8 Conjurations


You had 3 spell levels left.
You knew the following spells:

 Your Spells              Type           Power        Failure   Level  Hunger
a - Magic Dart            Conj           ###.         4%          1    #......
b - Searing Ray           Conj           ###...       6%          2    ###....

Your spell library contained the following spells:

 Spells                   Type           Power        Failure   Level  Hunger
 Dazzling Spray           Conj/Hex       #.....       32%         3    ###....
 Iskenderun's Mystic Bla  Conj           ###.....     38%         4    #####..
 Force Lance              Conj/Tloc      #.......     73%         4    #####..
 Fulminant Prism          Conj/Hex       #.........   73%         4    #####..


Dungeon Overview and Level Annotations

Branches:
Dungeon (2/15)

Altars:
Dithmenos
Vehumet


Message History

The worker ant bites you.
* * * LOW HITPOINT WARNING * * *
You hit the worker ant but do no damage.
The worker ant is heavily wounded.
The worker ant completely misses you. The worker ant bites you.
* * * LOW HITPOINT WARNING * * *
Casting: Searing Ray (safe; 6% risk of failure)
Confirm with . or Enter, or press ? or * to list all spells.
Aiming: Magic Dart (safe; 4% risk of failure)
Press: ? - help, Shift-Dir - straight line, f/p - worker ant
Aim: a worker ant (heavily wounded)
The magic dart hits the worker ant but does no damage.
The worker ant is heavily wounded.
The worker ant misses you. The worker ant barely misses you.
The worker ant barely misses you. The worker ant bites you.
* * * LOW HITPOINT WARNING * * *
The worker ant bites you!
You die...

##################
...............).#
......##########@# #.......
......# #a# #.......
......##########.#########.......
.>......................##.......
...........#####.###.....#.......
......####.# #.# #.....#.......
#.##....<#.#####.###.....#.......
.........................).......
####.##..#.#####.#######.#...####


You could see a worker ant.

Vanquished Creatures
  An adder (D:2)
  A dart slug (D:1)
  3 giant cockroaches
  3 goblins
  2 hobgoblins (D:1)
  2 kobolds
  A quokka (D:2)
  6 bats
  4 rats
23 creatures vanquished.

Notes
Turn   | Place    | Note
-------+----------+-------------------------------------------
     0 | D:1      | funkygono the Human Conjurer began the quest for the Orb.
     0 | D:1      | Reached XP level 1. HP: 13/13 MP: 3/3
   163 | D:1      | Reached XP level 2. HP: 19/19 MP: 0/5
   244 | D:1      | Learned a level 2 spell: Searing Ray
   292 | D:1      | You fall through a shaft!
   407 | D:1      | Reached XP level 3. HP: 24/24 MP: 1/6
   987 | D:2      | Found a shadowy altar of Dithmenos.
   987 | D:2      | Found a radiant altar of Vehumet.
   990 | D:2      | Became a worshipper of Vehumet
  1010 | D:2      | Noticed a scorpion
  1062 | D:2      | Slain by a worker ant

Action                   || total
-------------------------++-------
Melee: Club              ||     8
 Cast: Magic Dart        ||    53
       Searing Ray       ||     1
  Use: Scroll            ||     6
  Eat: Chunk             ||     1
Armor: Leather armour    ||     3
Dodge: Dodged            ||    17
